 Dungeon Crawl Stone Soup version 0.28-a0-657-g71136c5590 (webtiles) character file.

Game seed: 15232771888550377342

20679 Conn the Arsonist (level 12, -44/72 HPs)
             Began as an Octopode Fire Elementalist on Oct 13, 2021.
             Was a Priest of Sif Muna.
             Killed from afar by an ancient lich (57 damage)
             ... with a bolt of acid
             ... on level 2 of the Abyss.
             The game lasted 00:47:03 (13132 turns).

Conn the Arsonist (Octopode Fire Elementalist)     Turns: 13132, Time: 00:47:04

Health: -44/72     AC:  4    Str: 11    XL:     12   Next: 82%
Magic:  16/25      EV: 17    Int: 27    God:    Sif Muna [***...]
Gold:   828        SH:  4    Dex: 11    Spells: 10/29 levels left

rFire   + . .      SeeInvis .   b - staff of fire
rCold   . . .      Faith    .   A - +1 buckler {AC+3}
rNeg    . . .      Spirit   .   (helmet restricted)
rPois   .          Reflect  .   w - amulet of the acrobat
rElec   .          Harm     .   v - ring of wizardry
rCorr   .          Rampage  .   z - ring of flight
Will    .....                   q - ring of Lifuy {EV+4 Str+3 Int+6 Dex-2 Slay+2 Stlth+}
Stlth   +++++.....              (no ring)
HPRegen 0.22/turn               (no ring)
MPRegen 0.19/turn               (no ring)
                                (no ring)
                                (no ring)

@: channelling, flying
A: almost no armour, amphibious, 8 rings, camouflage 1, gelatinous body 1,
(nimble swimmer 1), tentacles
a: Renounce Religion, Channel Magic, Forget Spell


You were on level 2 of the Abyss.
You worshipped Sif Muna.
Sif Muna was most pleased with you.
You visited 2 branches of the dungeon, and saw 12 of its levels.
You visited the Abyss 1 time.

You collected 828 gold pieces.

Inventory:

Hand Weapons
 a - the +6 trident of Trauma {vorpal, *Slow rElec rPois SInv}
   (You found it on level 4 of the Dungeon)

   It inflicts extra damage upon your enemies.
   rElec:     It insulates you from electricity.
   rPois:     It protects you from poison.
   SInv:      It lets you see invisible.
   *Slow:     It may slow you when you take damage.
 n - a +4 hand axe
 o - a +0 short sword
Missiles
 c - 42 poisoned darts (quivered)
 i - a throwing net
Armour
 A - a +1 buckler of protection (worn)
Magical Staves
 b - a staff of fire (weapon)
Jewellery
 q - the ring of Lifuy (on tentacle) {EV+4 Str+3 Int+6 Dex-2 Slay+2 Stlth+}
   (You acquired it on level 8 of the Dungeon)

   [ring of evasion]

   EV:        It affects your evasion (+4).
   Str:       It affects your strength (+3).
   Int:       It affects your intelligence (+6).
   Dex:       It affects your dexterity (-2).
   Slay:      It affects your accuracy & damage with ranged weapons and melee
   (+2).
   Stlth:     It makes you more stealthy.
 v - a ring of wizardry (left tentacle)
 w - an amulet of the acrobat (around mantle)
 z - a ring of flight (right tentacle)
 D - a ring of see invisible
Wands
 r - a wand of acid (1)
 E - a wand of charming (11)
Scrolls
 e - 2 scrolls of vulnerability
 f - 2 scrolls of immolation
 j - 6 scrolls of enchant weapon
 l - 2 scrolls of magic mapping
 p - a scroll of silence
 x - 6 scrolls of teleportation
 y - a scroll of noise {unknown}
 C - a scroll of fear
 F - a scroll of torment {unknown}
Potions
 d - 2 potions of might
 g - 3 potions of lignification
 s - a potion of cancellation
 t - a potion of brilliance
 u - 2 potions of magic


   Skills:
 + Level 3.3 Fighting
 + Level 2.1 Short Blades
 + Level 3.1(3.3) Polearms
 + Level 1.4(2.4) Staves
 + Level 4.6 Dodging
 + Level 6.9 Stealth
 + Level 0.9 Shields
 + Level 9.4 Spellcasting
 * Level 9.8 Conjurations
 + Level 3.8 Hexes
 + Level 1.6 Translocations
 * Level 11.3 Fire Magic
 * Level 6.5 Invocations
 + Level 0.9 Evocations


You had 10 spell levels left.
You knew the following spells:

 Your Spells              Type           Power      Damage    Failure   Level
a - Foxfire               Conj/Fire      100%       2x1d9     1%          1
b - Conjure Flame         Conj/Fire      81%        6-21      1%          3
c - Inner Flame           Hex/Fire       69%        N/A       1%          3
d - Flame Wave            Conj/Fire      81%        3d14      1%          4
e - Scorch                Fire           100%       2d10      1%          2
f - Slow                  Hex            33%        N/A       1%          2
g - Iskenderun's Mystic   Conj/Tloc      43%        2d10      2%          4

Your spell library contained the following spells:

 Spells                   Type           Power      Damage    Failure   Level
 Apportation              Tloc           42%        N/A       1%          1
 Confusing Touch          Hex            33%        N/A       1%          3
 Fulminant Prism          Conj/Hex       24%        3d13      1%          4
 Animate Skeleton         Necr           24%        N/A       2%          1
 Summon Small Mammal      Summ           48%        N/A       2%          1
 Passwall                 Tmut/Erth      10%        N/A       4%          2
 Gell's Gravitas          Tloc           10%        N/A       4%          3
 Lesser Beckoning         Tloc           21%        N/A       4%          3
 Teleport Other           Tloc           21%        N/A       4%          3
 Swiftness                Air            12%        N/A       9%          3
 Summon Ice Beast         Ice/Summ       12%        N/A       26%         4
 Summon Mana Viper        Hex/Summ       23%        N/A       32%         5
 Yara's Violent Unravell  Hex/Tmut       11%        3d6       32%         5
 Lee's Rapid Deconstruct  Erth           6%         3d7*      56%         5
 Invisibility             Hex            16%        N/A       61%         6
 Monstrous Menagerie      Summ           6%         N/A       100%        7


Dungeon Overview and Level Annotations

Branches:
Dungeon (11/15)            Temple (1/1) D:7            Lair (0/6) D:9
    Orc (0/2) D:11

Altars:
Ashenzari
Cheibriados
Dithmenos
Elyvilon
Fedhas
Gozag
Hepliaklqana
Kikubaaqudgha
Nemelex Xobeh
Qazlal
Ru
Sif Muna
Uskayaw
Wu Jian
Xom
Yredelemnul
Zin
The Shining One
Jiyva

Shops:
D:8 =[[

Annotations:
D:5 2 runed translucent doors, TimeIsEndless's ghost, novice FoFi


Innate Abilities, Weirdness & Mutations

You cannot wear most types of armour.
You are amphibious.
You can wear up to eight rings at the same time.
Your skin changes colour to match your surroundings (Stealth+).
Your rubbery body absorbs attacks. (AC +1, EV +1)
((You are camouflaged near water. (Stealth+)))
You have tentacles for arms and can constrict up to eight enemies at once.


Message History

Confirm with . or Enter, or press ? or * to list all spells.
You can't see any susceptible monsters within range! (Use Z to cast anyway.)
Casting: Flame Wave (safe; 1% risk of failure)
Confirm with . or Enter, or press ? or * to list all spells.
Casting: Flame Wave (safe; 1% risk of failure)
Press: ? - help, Dir - look around, f - activate You feel a surge of power!
A wave of flame ripples out!
The flame wave engulfs something!!
Sif Muna accepts your kill.
Reactivating autopickup.
You feel a bit more experienced. (Press . to intensify the flame waves.)
A wave of flame ripples out!
The ancient lich mumbles some strange words.
The ancient lich flickers and vanishes!
Deactivating autopickup; reactivate with Ctrl-A.
A wave of flame ripples out!
You finish channelling waves of flame.
You hear a bellow!
You feel better.
You hear some strange, mumbled words.
A bolt of acid appears from out of thin air!
The bolt of acid misses you.
Unknown command.
Casting: Flame Wave (safe; 1% risk of failure)
Confirm with . or Enter, or press ? or * to list all spells.
Casting: Flame Wave (safe; 1% risk of failure)
Press: ? - help, Dir - look around, f - activate You feel a surge of power!
A wave of flame ripples out! (Press . to intensify the flame waves.)
You hear some strange, mumbled words.
You are slowing down.
You feel limber!
Your magical effects are unravelling.
You feel magically purged.
You feel less wooden.
You feel your health improve.
You hear some strange, mumbled words.
A bolt of acid appears from out of thin air!
The bolt of acid hits you!!!
Ouch! That really hurt!
You die...

. . . # # .
. .. #.###..
# .## . # #
. .#.§## # .
. # . .
....# .#...
## #
...##.#....#
. . . . #{.#
..#. #..
#.#. # ... .
#○#. ...# .
# # #@#
#...#. # #
#.# #### #
#.# ###


There were no monsters in sight!

Vanquished Creatures
  A lich (Abyss:2)
  2 tentacled starspawn (Abyss:2)
  A boulder beetle (D:11)
  The ghost of xoxolimbo the Destroyer, a novice DsWz of Vehumet (D:8)
  2 sixfirhies
  3 starcursed masses (Abyss:2)
  2 worldbinders
  2 orange demons (Abyss:2)
  2 smoke demons (Abyss:2)
  An unseen horror (Abyss:1)
  Maggie (D:9)
  An ancient zyme (Abyss:2)
  A hornet (D:9)
  A slime creature (D:8)
  A raiju (Abyss:2)
  2 large abominations (Abyss:2)
  3 wyverns (D:9)
  A wraith (D:10)
  A shadow (D:11)
  A chaos spawn (Abyss:1)
  22 yaks
  A steam dragon (D:8)
  Edmund (D:6)
  An acid dragon (D:9)
  7 water moccasins
  4 orc warriors
  A sky beast (D:6)
  A necrophage (D:8)
  3 ogres
  3 centaurs
  A kobold brigand (D:8)
  4 bullfrogs
  3 gnoll sergeants (D:9)
  4 scorpions
  2 small abominations (Abyss:2)
  15 killer bees
  12 wights
  2 howler monkeys (D:9)
  5 centaur zombies
  2 hounds
  2 jellies (D:8)
  4 orc priests
  An iron imp (Abyss:2)
  2 bullfrog skeletons
  A gnoll shaman (D:9)
  3 iguanas
  8 orc wizards
  3 killer bee zombies
  2 howler monkey zombies
  17 gnolls
  A howler monkey skeleton (D:6)
  2 adders
  4 white imps
  An ufetubus (D:4)
  3 worms (D:5)
  3 dart slugs
  23 orcs
  3 endoplasms
  4 giant cockroaches
  3 goblins
  4 hobgoblins
  4 jackals (D:4)
  4 quokkas
  7 ball pythons
  2 bats (D:2)
  A frilled lizard (D:3)
  10 kobolds
  5 rats
  2 starspawn tentacles (Abyss:2)
253 creatures vanquished.

Vanquished Creatures (others)
  A starcursed mass (Abyss:2)
  6 bushes (D:9)
  766 foxfires
  6 fungi (D:9)
  10 plants (D:9)
789 creatures vanquished.

Grand Total: 1042 creatures vanquished

Notes
Turn   | Place    | Note
-------+----------+-------------------------------------------
     0 | D:1      | Conn the Octopode Fire Elementalist began the quest for the
                  | Orb.
     0 | D:1      | Reached XP level 1. HP: 11/11 MP: 3/3
   206 | D:1      | Reached XP level 2. HP: 17/17 MP: 0/5
  1666 | D:2      | Reached XP level 3. HP: 18/21 MP: 6/6
  1795 | D:2      | Found a faded altar of an unknown god.
  1949 | D:3      | Found a basalt altar of Yredelemnul.
  2443 | D:3      | Reached skill level 1 in Short Blades
  2971 | D:4      | Identified the +6 trident of Trauma {vorpal, *Slow rElec
                  | rPois SInv}
  3002 | D:4      | Reached XP level 4. HP: 27/27 MP: 3/8
  3123 | D:4      | Noticed an ogre
  3123 | D:4      | Noticed a scorpion
  3142 | D:4      | Killed a scorpion
  3143 | D:4      | Reached XP level 5. HP: 26/31 MP: 5/9
  3203 | D:4      | Found a white marble altar of Elyvilon.
  3220 | D:4      | Killed an ogre
  3332 | D:4      | Noticed an ogre
  3339 | D:4      | Killed an ogre
  3340 | D:4      | Reached XP level 6. HP: 37/37 MP: 3/10
  3619 | D:5      | Entered Level 5 of the Dungeon
  3665 | D:5      | Found a sparkling altar of Nemelex Xobeh.
  3681 | D:5      | Reached skill level 1 in Polearms
  3681 | D:5      | Reached skill level 5 in Stealth
  3784 | D:5      | Found a large runed translucent door.
  3785 | D:5      | Found a large runed translucent door.
  3788 | D:5      | Noticed TimeIsEndless's ghost (novice FoFi)
  3891 | D:5      | Noticed an orc warrior
  3926 | D:5      | Reached skill level 4 in Fire Magic
  3926 | D:5      | Reached XP level 7. HP: 36/42 MP: 6/12
  4076 | D:5      | Found a sacrificial altar of Ru.
  4811 | D:5      | Reached skill level 1 in Fighting
  5008 | D:5      | Learned a level 3 spell: Conjure Flame
  5012 | D:5      | Learned a level 3 spell: Inner Flame
  5017 | D:5      | Learned a level 4 spell: Flame Wave
  5020 | D:5      | Learned a level 2 spell: Scorch
  5709 | D:6      | Reached XP level 8. HP: 32/49 MP: 0/14
  6096 | D:6      | Noticed Edmund
  6104 | D:6      | Killed Edmund
  6105 | D:6      | Reached skill level 5 in Fire Magic
  6632 | D:7      | Reached skill level 1 in Hexes
  6829 | D:7      | Found a staircase to the Ecumenical Temple.
  6883 | D:7      | Reached skill level 5 in Spellcasting
  6975 | Temple   | Entered the Ecumenical Temple
  7063 | Temple   | Became a worshipper of Sif Muna the Loreminder
  7088 | D:7      | Reached skill level 6 in Fire Magic
  7088 | D:7      | Reached XP level 9. HP: 32/54 MP: 7/16
  7366 | D:7      | Found a stormy altar of Qazlal.
  7743 | D:8      | Found Qiagigh's Antique Armour Shop.
  7752 | D:8      | Learned a level 2 spell: Slow
  7752 | D:8      | Found Usen's Armour Shoppe.
  7906 | D:8      | Found a runed translucent gate.
  7906 | D:8      | Found a runed translucent gate.
  7906 | D:8      | Found a runed translucent gate.
  7914 | D:8      | Noticed xoxolimbo's ghost (novice DsWz)
  7923 | D:8      | Identified 2 scrolls of acquirement
  7923 | D:8      | Acquired a +0 buckler of protection
  7930 | D:8      | Acquired the ring of Lifuy {EV+4 Str+3 Int+6 Dex-2 Slay+2
                  | Stlth+}
  7948 | D:8      | Reached skill level 5 in Conjurations
  7998 | D:8      | Reached * piety under Sif Muna
  8111 | D:8      | Reached skill level 7 in Fire Magic
  8258 | D:8      | Reached XP level 10. HP: 36/61 MP: 2/20
  8261 | D:8      | Reached skill level 8 in Fire Magic
  8724 | D:8      | Found Feagok's Jewellery Boutique.
  8975 | D:8      | Found a viscous altar of Jiyva.
  8987 | D:8      | Killed xoxolimbo's ghost
  8988 | D:8      | Reached skill level 1 in Staves
  9101 | D:9      | Reached ** piety under Sif Muna
  9169 | D:9      | Noticed Maggie
  9186 | D:9      | Killed Maggie
  9294 | D:9      | Paralysed by a hornet for 3 turns
  9506 | D:9      | Reached skill level 9 in Fire Magic
  9751 | D:9      | Reached skill level 1 in Invocations
  9751 | D:9      | Reached XP level 11. HP: 59/66 MP: 3/22
  9918 | D:9      | Learned a level 4 spell: Iskenderun's Mystic Blast
  9959 | D:9      | Identified the +0 leather armour of Nemelex Xobeh's Favour
                  | {rPois}
 10356 | D:9      | Reached *** piety under Sif Muna
 10533 | D:9      | Found a staircase to the Lair.
 10564 | D:9      | Found a glowing silver altar of Zin.
 10805 | D:10     | Entered Level 10 of the Dungeon
 11296 | D:10     | Reached skill level 10 in Fire Magic
 12005 | D:11     | Noticed a boulder beetle
 12034 | D:11     | Killed a boulder beetle
 12179 | D:11     | Found a staircase to the Orcish Mines.
 12208 | D:11     | Cast into level 1 of the Abyss (gnoll sergeant)
 12237 | Abyss:1  | Noticed an orc sorcerer
 12253 | Abyss:1  | Noticed a wretched star
 12270 | Abyss:1  | Noticed a sixfirhy
 12273 | Abyss:1  | Killed a sixfirhy
 12300 | Abyss:1  | Noticed a starcursed mass
 12341 | Abyss:1  | Noticed a large abomination
 12391 | Abyss:1  | Found a corrupted altar of Lugonu.
 12407 | Abyss:1  | Noticed a worldbinder
 12572 | Abyss:1  | Killed a worldbinder
 12669 | Abyss:1  | Noticed a deep elf elementalist
 12697 | Abyss:1  | Noticed a thrashing horror
 12769 | Abyss:2  | Noticed a starcursed mass
 12860 | Abyss:2  | Reached XP level 12. HP: 72/72 MP: 18/24
 12877 | Abyss:2  | Noticed a wretched star
 12889 | Abyss:2  | Noticed a tentacled starspawn
 12900 | Abyss:2  | Killed a tentacled starspawn
 12933 | Abyss:2  | Reached skill level 5 in Invocations
 12999 | Abyss:2  | Reached skill level 1 in Translocations
 13046 | Abyss:2  | Noticed a starcursed mass
 13056 | Abyss:2  | Killed a starcursed mass
 13059 | Abyss:2  | Killed a starcursed mass
 13060 | Abyss:2  | Reached skill level 11 in Fire Magic
 13097 | Abyss:2  | Noticed a starcursed mass
 13103 | Abyss:2  | Noticed a tentacled starspawn
 13104 | Abyss:2  | Noticed a large abomination
 13114 | Abyss:2  | Killed a large abomination
 13114 | Abyss:2  | Noticed a lich
 13121 | Abyss:2  | Killed a tentacled starspawn
 13124 | Abyss:2  | Noticed an ancient lich
 13126 | Abyss:2  | Killed a lich
 13132 | Abyss:2  | Killed from afar by an ancient lich

Illustrated notes

Levels and vault maps discovered:
D:1:      tarquinn_simple_flora_water_a, layout_basic
D:2:      layout_basic, hellmonk_ecumenical_altar_leap_of_faith
D:3:      layout_loops_ring, amcnicky_altar_gilded, amcnicky_mini_pool_small
D:4:      layout_cave_pools, kennysheep_mini_moat
D:5:      layout_layer_cave, mainiacjoe_overflow_24_doors,
          nemelex_dance_club_becter, ebering_ghost_disaster_area,
          cheibrodos_sewer_entry_bend
D:6:      layout_loops_ring, dk_noncrumbling_3, kennysheep_generic_room_7,
          uniq_edmund
D:7:      layout_rooms, nicolae_qazlal_scattered_showers,
          minmay_temple_entry_wispy, hangedman_decor_peaks_small,
          minmay_misc_feat_columns
D:8:      layout_cave_pools, serial_shops, nicolae_shop_crystal,
          nicolae_shop_statue_plus, nicolae_square_shop, gammafunk_ghost_ooze,
          minmay_tree_intersection, st_stairs_8, hangedman_minor_gate_pass
D:9:      layout_basic, zin_academy, minmay_lair_entry_grove, minmay_circle_x,
          uniq_maggie
D:10:     layout_roguey, serial_park_tiny_pond
D:11:     layout_gridville
Temple:   regret_index_temple_sphere_string
Abyss:2:  base: D:2, kilobyte_mutagenic_chamber

Skill      XL: |  1  2  3  4  5  6  7  8  9 10 11 12 |
---------------+-------------------------------------+-----
Stealth        | 3 4 5 6 |  6.9
Short Blades   | 1 2 |  2.1
Spellcasting   | 3 4 5 6 7 8 9 |  9.4
Conjurations   | 2 3 4 6 7 8 9 |  9.8
Polearms       | 1 2 3 |  3.1
Fire Magic     | 4 6 7 9 10 11 | 11.3
Fighting       | 1 2 3 |  3.3
Hexes          | 1 2 3 |  3.8
Dodging        | 3 4 |  4.6
Staves         | 1 |  1.4
Invocations    | 1 4 6 |  6.5
Translocations | 1 |  1.6
Shields        | |  0.9
Evocations     | |  0.9

Action                   |  1- 3 |  4- 6 |  7- 9 | 10-12 || total
-------------------------+-------+-------+-------+-------++-------
Melee: Unarmed           |     1 |       |       |       ||     1
       Short sword       |    31 |       |       |       ||    31
       Constrict         |     6 |     2 |     8 |     7 ||    23
       Tentacles         |     2 |     1 |     5 |     6 ||    14
       Trident           |       |    16 |    26 |       ||    42
       Staff             |       |       |    11 |    35 ||    46
Throw: Dart              |       |       |       |     2 ||     2
 Cast: Foxfire           |    50 |    35 |   138 |   216 ||   439
       Inner Flame       |       |       |    18 |    28 ||    46
       Flame Wave        |       |       |     5 |    29 ||    34
       Conjure Flame     |       |       |     2 |    11 ||    13
       Scorch            |       |       |       |    11 ||    11
       Iskenderun's Myst |       |       |       |    19 ||    19
Invok: Channel Magic     |       |       |       |     5 ||     5
Evoke: Wand              |       |       |       |     4 ||     4
  Use: Scroll            |       |       |    12 |    10 ||    22
       Potion            |       |       |     2 |    10 ||    12
 Stab: Sleeping          |    10 |     3 |     3 |       ||    16
       Distracted        |       |       |     1 |       ||     1
Armor: Skin              |     2 |     1 |     4 |    22 ||    29
Dodge: Dodged            |    18 |     9 |    70 |   126 ||   223
Block: Buckler           |       |       |     1 |    16 ||    17

Table legend: (Time is in decaauts)
 A = Elapsed time spent in this place.
 B = Non-inter-level travel time spent in this place.
 C = Inter-level travel time spent in this place.
 D = Time resting spent in this place.
 E = Time spent auto-exploring this place.
 F = Levels seen in this place.
 G = Mean time per level.
                   A        B        C        D        E       F      G
               +--------+--------+--------+--------+--------+-----+--------+
         Total |  13151 |  12932 |    219 |    908 |   8358 |  14 |  939.4 |
       Dungeon |  12124 |  11918 |    206 |    903 |   8023 |  11 | 1102.2 |
        Temple |    101 |     88 |     13 |      0 |     69 |   1 |  101.0 |
         Abyss |    924 |    924 |      0 |      5 |    266 |   2 |  462.0 |
               +--------+--------+--------+--------+--------+-----+--------+

Top non-repeatable levels by time:
     D:5: 1737 daAuts
     D:9: 1717 daAuts
     D:8: 1360 daAuts
     D:7: 1116 daAuts
     D:6: 1114 daAuts
     D:3: 1024 daAuts
     D:2: 963 daAuts
     D:1: 915 daAuts
    D:10: 813 daAuts
     D:4: 772 daAuts
    D:11: 589 daAuts
 Abyss:1: 501 daAuts
 Abyss:2: 422 daAuts
  Temple: 101 daAuts
